 Dungeon Crawl Stone Soup version 0.31.0-11-ge490571c62 (webtiles) character file.

Game seed: 8835636619810746351

200417 Melody the Brawler (level 18, -3/184 HPs)
             Began as a Troll Fighter on Feb 10, 2024.
             Was the Champion of Wu Jian.
             Slain by a guardian serpent (12 damage)
             ... on level 4 of the Snake Pit.
             The game lasted 01:45:23 (25215 turns).

Melody the Brawler (Troll Fighter)                 Turns: 25215, Time: 01:45:23

Health: -3/184     AC: 12    Str: 31    XL:     18   Next: 27%
Magic:  21/21      EV: 14    Int:  6    God:    Wu Jian [******]
Gold:   1884       SH: 23    Dex: 13    Spells: 20/23 levels left

rFire   . .          .
                       - Unarmed
rCold   . . .        N - +0 tower shield
rNeg    . . .        K - +0 steam dragon scales
rPois   +            d - +2 hat
rElec   .            G - +2 cloak
rCorr   .            (gloves unavailable)
SInv    .            (boots unavailable)
Will    +....        p - amulet of reflection
Stlth   ++           j - +5 ring of evasion
HPRegen 1.30/turn    r - ring "Osearil" {Fly rPois Str+2 Stlth+}
MPRegen 0.17/turn

%: reflection
@: flying, slowed, constricted, very slow
A: large, unfitting armour, claws 3, regeneration 1, shaggy fur 1, tough skin 1
a: Renounce Religion, Wall Jump, Serpent's Lash, Heavenly Storm


You were on level 4 of the Snake Pit.
You worshipped Wu Jian.
Wu Jian was exalted by your worship.
You visited 5 branches of the dungeon, and saw 27 of its levels.
You visited 1 bazaar.

You collected 4054 gold pieces.
You spent 2170 gold pieces at shops.

Inventory:

Missiles
 q - 30 poisoned darts
 E - 22 large rocks
 F - 7 javelins
 V - 8 curare-tipped darts
 W - a throwing net (quivered)
Armour
 d - a +2 hat (worn)
 G - a +2 cloak (worn)
 K - +0 steam dragon scales (worn)
 N - a +0 tower shield (worn)
Jewellery
 j - a +5 ring of evasion (left claw)
 p - an amulet of reflection (around neck)
 r - the ring "Osearil" (right claw) {Fly rPois Str+2 Stlth+}
   (You acquired it on level 14 of the Dungeon)

   [ring of flight]

   Str+2:     It affects your strength (+2).
   rPois:     It protects you from poison Fly: It grants you flight.
   Stlth+:    It makes you more stealthy.
 v - a ring of resist corrosion
 y - a ring of protection from cold
 Z - a +6 ring of dexterity
Talismans
 h - a maw talisman
 w - the flux talisman of Bad Feelings {Str+3}
   (You found it on level 5 of the Dungeon)

   [flux talisman]

   Str+3:     It affects your strength (+3).
 R - the serpent talisman "Alebaenwe" {rC+ Will++ rCorr Dex-4}
   (You took it off Aizul on level 3 of the Snake Pit)

   [serpent talisman]

   Dex-4:     It affects your dexterity (-4).
   rC+:       It protects you from cold.
   Will++:    It greatly increases your willpower.
   rCorr:     It protects you from acid and corrosion.
Wands
 u - a wand of flame (59)
 A - a wand of mindburst (5)
 I - a wand of iceblast (19)
 L - a wand of paralysis (20)
 M - a wand of light (13)
Scrolls
 f - 5 scrolls of vulnerability
 g - 4 scrolls of revelation
 i - a scroll of fear
 l - 10 scrolls of teleportation
 o - 6 scrolls of fog
 C - 3 scrolls of butterflies
 O - 4 scrolls of immolation
 P - 3 scrolls of silence
 Q - 6 scrolls of amnesia
 T - 7 scrolls of noise
 U - 3 scrolls of poison
 X - a scroll of blinking
Potions
 c - 3 potions of might
 e - 8 potions of curing
 k - 6 potions of mutation
 m - a potion of haste
 n - 4 potions of invisibility
 t - a potion of cancellation
 x - 3 potions of resistance
 z - 3 potions of heal wounds
 B - 4 potions of enlightenment
 D - 3 potions of attraction
 H - 4 potions of brilliance
 J - 9 potions of ambrosia
 S - 4 potions of magic
Miscellaneous
 a - a box of beasts
 Y - a phial of floods


   Skills:
 + Level 12.6 Fighting
 - Level 9.9 Dodging
 + Level 13.6 Shields
 * Level 20.0 Unarmed Combat
 - Level 3.3 Spellcasting
 - Level 5.5 Translocations
 - Level 5.5 Evocations


You had 20 spell levels left.
You knew the following spells:

 Your Spells              Type           Power      Damage    Failure   Level
a - Apportation           Tloc           14%        N/A       9%          1
b - Lesser Beckoning      Tloc           14%        N/A       13%         2

Your spell library contained the following spells:

 Spells                   Type           Power      Damage    Failure   Level
 Gell's Gravitas          Tloc           7%         N/A       26%         3
 Teleport Other           Tloc           7%         N/A       26%         3
 Necrotise                Necr           0%         1d4       63%         1
 Sandblast                Erth           0%         2d4       63%         1
 Slow                     Hex            0%         N/A       63%         1
 Sting                    Conj/Alch      0%         1d3       63%         1
 Summon Small Mammal      Summ           0%         N/A       63%         1
 Passage of Golubria      Tloc           7%         N/A       63%         4
 Ensorcelled Hibernation  Hex/Ice        0%         N/A       77%         2
 Mercury Vapours          Alch/Air       0%         N/A       77%         2
 Confusing Touch          Hex            0%         N/A       94%         3
 Dazzling Flash           Conj/Hex       0%         N/A       94%         3
 Fugue of the Fallen      Necr           0%         N/A       94%         3
 Hailstorm                Conj/Ice       0%         3d5       94%         3
 Mephitic Cloud           Conj/Alch/Air  0%         N/A       94%         3
 Passwall                 Erth           0%         N/A       94%         3
 Sigil of Binding         Hex            0%         N/A       94%         3
 Stone Arrow              Conj/Erth      0%         3d7       94%         3
 Summon Ice Beast         Ice/Summ       0%         N/A       94%         3
 Tukima's Dance           Hex            0%         N/A       94%         3
 Vampiric Draining        Necr           0%         2d6       94%         3
 Dimensional Bullseye     Hex/Tloc       2%         N/A       95%         4
 Iskenderun's Mystic Bla  Conj/Tloc      4%         2d3       95%         4
 Anguish                  Hex/Necr       0%         N/A       100%        4
 Animate Armour           Summ/Erth      0%         N/A       100%        4
 Animate Dead             Necr           0%         N/A       100%        4
 Brom's Barrelling Bould  Conj/Erth      0%         2d3       100%        4
 Cause Fear               Hex            0%         N/A       100%        4
 Ignite Poison            Fire/Alch      0%         N/A       100%        4
 Leda's Liquefaction      Alch/Erth      0%         N/A       100%        4
 Olgreb's Toxic Radiance  Alch           0%         N/A       100%        4
 Sticky Flame             Fire/Alch      0%         2d4       100%        4
 Summon Lightning Spire   Summ/Air       0%         N/A       100%        4
 Curse of Agony           Necr           0%         N/A       100%        5
 Fireball                 Conj/Fire      0%         3d3       100%        5
 Lee's Rapid Deconstruct  Erth           0%         3d4*      100%        5
 Metabolic Englaciation   Hex/Ice        0%         N/A       100%        5
 Silence                  Hex/Air        0%         N/A       100%        5
 Bombard                  Conj/Erth      0%         9d1       100%        6
 Sculpt Simulacrum        Ice/Alch       0%         N/A       100%        6
 Haunt                    Necr/Summ      0%         N/A       100%        7
 Ozocubu's Refrigeration  Ice            0%         4d7       100%        7
 Ignition                 Fire           0%         3d3       100%        8
 Infestation              Necr           0%         N/A       100%        8
 Lehudib's Crystal Spear  Conj/Erth      0%         10d2      100%        8
 Dragon's Call            Summ           0%         N/A       100%        9


Dungeon Overview and Level Annotations

Branches:
Dungeon (15/15)            Temple (1/1) D:6            Lair (5/5) D:10
 Shoals (0/4) Lair:2        Snake (4/4) Lair:2        Slime (0/5) Lair:5
    Orc (2/2) D:11            Elf (0/3) Orc:2        Vaults (0/5) D:14
 Depths (0/4) D:15

Altars:
Ashenzari
Cheibriados
Dithmenos
Elyvilon
Fedhas
Gozag
Hepliaklqana
Kikubaaqudgha
Makhleb
Nemelex Xobeh
Okawaru
Qazlal
Ru
Sif Muna
Trog
Uskayaw
Vehumet
Wu Jian
Xom
Yredelemnul
Zin
The Shining One

Shops:
D:1 *   D:2 (   D:5 (   Orc:1 *   Orc:2 [=*=   Snake:1 :[   Snake:2 ?
Snake:3 =   Snake:4 *

Portals:
Abyss: Lair:2

Annotations:
D:15 3 runed translucent doors, exclusion: orange crystal statue
Lair:2 2 transporters, koorschki's ghost, journeyman DsBr
Lair:5 exclusion: 4 oklob plants


Innate Abilities, Weirdness & Mutations

You are too large for most types of armour.
You have claws for hands.
Your natural rate of healing is unusually fast.
You are covered in fur. (AC +1)
You have tough skin. (AC +1)


Message History

You are poisoned.
The black mamba poisons you!
The salamander hits you with a +0 trident.
You are engulfed in flames!
The guardian serpent hits you.
You escape the anaconda's grasp.
You spin and attack the salamander.
You scratch the salamander.
The salamander is severely wounded.
You feel extremely sick. You block the salamander's attack.
The salamander hits you with a +0 trident!
* * * LOW HITPOINT WARNING * * *
You are engulfed in flames!
* * * LOW HITPOINT WARNING * * *
You block the anaconda's attack. x2
You feel very sick. The salamander misses you.
You feel very sick. You block the anaconda's attack. x4
The salamander hits you from afar with a +0 trident!
* * * LOW HITPOINT WARNING * * *
You are engulfed in flames!
* * * LOW HITPOINT WARNING * * *
The guardian serpent coils itself and waves its upper body at you.
The salamander blinks!
The naga warrior blinks!
You feel better. The anaconda grabs you.
The anaconda bites you but does no damage.
The anaconda constricts you.
The naga warrior hits you but does no damage.
The guardian serpent casts a spell at you.
The bolt of poison hits you. You resist.
* * * LOW HITPOINT WARNING * * *
The bolt of poison hits the guardian serpent.
You block the anaconda's attack. The anaconda constricts you.
The guardian serpent misses you. You block the salamander's attack.
You block the naga warrior's attack. The naga warrior spits poison at you.
You block the splash of poison... and reflect it back!
The splash of poison hits the naga warrior but does no damage.
The guardian serpent hits you!
You die...

....<.# .....## .##
....S.######### ..#
..............# ..###
...[N.........###...##
..N............#.....##
)....#######..........##
.....# #..).SNN.....##
#....# ##...SS@N......#
#SS..# #....§##S......##
#...######...§####.......###
..N..N.........###.........#
S...............###.#####...
........)N.##...###..#
.........####....##<.#
..N.(#..## ##..####..#
####.#.## ##..####..##


You could see 2 naga warriors, a salamander (strong), an anaconda, 2 guardian
serpents and a black mamba.

Vanquished Creatures
  Vashnia (Snake:2)
  Nikola (Snake:1)
  Jorgrun (Snake:2)
  Rupert (Snake:1)
  Gastronok (Lair:3)
  Aizul (Snake:3)
  3 nagarajas
  The ghost of lessens the Sensei, a journeyman DsRe of Trog (Snake:1)
  Louise (Snake:2)
  A stone giant (D:15)
  Azrael (Snake:1)
  A dire elephant (Lair:5)
  A deep elf annihilator (D:14)
  Snorg (Orc:2)
  Josephine (Orc:1)
  A salamander tyrant (Snake:3)
  6 centaur warriors
  7 anacondas
  4 hydras
  5 ogre magi
  3 boulder beetles
  2 catoblepae
  17 death yaks
  14 naga warriors
  24 two-headed ogres
  A deep troll shaman (Lair:5)
  9 naga sharpshooters
  3 tengu warriors (D:15)
  2 shock serpents
  Nergalle (Lair:2)
  Urug (Lair:4)
  8 skeletal warriors (D:15)
  Sonja (Lair:2)
  A skyshark (Lair:5)
  A sea snake (Snake:1)
  2 salamander mystics
  5 naga ritualists
  3 deep elf pyromancers
  9 mana vipers
  A lindwurm (Lair:4)
  9 salamanders
  10 ugly things
  4 cyclopes
  12 elephants
  3 manticores
  31 black mambas
  13 naga magi
  7 guardian serpents
  A cane toad (shapeshifter) (D:15)
  2 gargoyles
  13 cane toads
  3 rime drakes
  An unseen horror (D:12)
  2 ice devils (D:11)
  3 kobold demonologists
  10 komodo dragons
  6 trolls
  A queen bee (D:9)
  3 polar bears
  A wind drake (Lair:2)
  7 dream sheep (Lair:3)
  5 slime creatures
  2 shadows
  5 wraiths
  A water elemental (D:13)
  6 wyverns
  2 fire elementals (Snake:1)
  57 yaks
  2 wargs
  4 basilisks
  A steam dragon (D:9)
  5 vampire mosquitoes
  37 nagas
  10 water moccasins
  2 acid dragons
  2 hell hounds (Snake:1)
  9 black bears
  16 orc warriors
  2 sky beasts
  2 ice beasts (D:7)
  15 centaurs
  24 wolves
  4 boggarts (D:14)
  28 ogres
  2 phantoms
  6 bullfrogs
  4 scorpions
  12 wights
  19 killer bees
  2 electric eels (Snake:1)
  4 howler monkeys
  4 bombardier beetles
  5 hounds
  5 jellies
  4 gnoll boudas
  18 orc priests
  3 iguanas
  A sleepcap (D:8)
  22 orc wizards
  24 gnolls
  8 adders
  2 white imps
  3 dart slugs
  90 orcs
  2 endoplasms
  4 giant cockroaches
  3 goblins
  7 hobgoblins
  2 jackals (D:3)
  12 kobolds
  5 quokkas
  3 ball pythons
  6 bats
  A frilled lizard (D:2)
  6 rats
820 creatures vanquished.

Vanquished Creatures (others)
  Frances (Snake:1)
1 creature vanquished.

Grand Total: 821 creatures vanquished

Notes
Turn   | Place    | Note
-------+----------+-------------------------------------------
     0 | D:1      | Melody the Troll Fighter began the quest for the Orb.
     0 | D:1      | Reached XP level 1. HP: 22/22 MP: 0/0
   282 | D:1      | Found Amehuzy's General Store.
   375 | D:1      | Reached XP level 2. HP: 27/29 MP: 1/1
   553 | D:2      | Reached XP level 3. HP: 36/36 MP: 2/2
   649 | D:2      | Found Fooxt's Antique Weapon Shoppe.
   749 | D:2      | Found a shimmering altar of Xom.
   958 | D:2      | Reached skill level 3 in Unarmed Combat
  1250 | D:3      | Reached XP level 4. HP: 38/44 MP: 3/3
  1475 | D:3      | Noticed a black bear
  1918 | D:3      | Killed a black bear
  1919 | D:3      | Reached skill level 4 in Unarmed Combat
  1919 | D:3      | Reached XP level 5. HP: 53/53 MP: 4/4
  2674 | D:4      | Found a broken altar of Ashenzari.
  2683 | D:4      | Found a radiant altar of Vehumet.
  2799 | D:5      | Entered Level 5 of the Dungeon
  2806 | D:4      | Reached XP level 6. HP: 61/61 MP: 5/5
  2910 | D:5      | Reached skill level 5 in Unarmed Combat
  2910 | D:5      | Reached XP level 7. HP: 64/67 MP: 6/6
  3389 | D:5      | Found Bupim's Weapon Shop.
  3402 | D:5      | Bought 2 datura-tipped darts for 19 gold pieces
  3563 | D:5      | Identified the flux talisman of Bad Feelings {Str+3}
  3596 | D:5      | Reached skill level 6 in Unarmed Combat
  3621 | D:5      | Reached XP level 8. HP: 78/78 MP: 7/7
  3805 | D:6      | Found an ornate altar of the Wu Jian Council.
  3805 | D:6      | Found a white marble altar of Elyvilon.
  3805 | D:6      | Found a sparkling altar of Nemelex Xobeh.
  3810 | D:6      | Became a worshipper of the Wu Jian Council
  3901 | D:6      | Reached skill level 5 in Shields
  4105 | D:6      | Reached skill level 7 in Unarmed Combat
  4163 | D:6      | Found a staircase to the Ecumenical Temple.
  4168 | Temple   | Entered the Ecumenical Temple
  4537 | D:7      | Reached * piety under Wu Jian
  4568 | D:7      | Reached skill level 5 in Dodging
  4568 | D:7      | Reached XP level 9. HP: 48/87 MP: 8/8
  4582 | D:7      | Reached skill level 5 in Fighting
  4622 | D:7      | Identified the +2 long sword "Begaoth" {pain, Str+2}
  4717 | D:6      | Reached skill level 8 in Unarmed Combat
  4784 | D:7      | Found a burning altar of Makhleb.
  4964 | D:7      | Noticed a kobold demonologist
  4980 | D:7      | Reached ** piety under Wu Jian
  4984 | D:7      | Killed a kobold demonologist
  5004 | D:7      | Noticed a cyclops
  5020 | D:7      | Killed a cyclops
  5021 | D:7      | Reached skill level 9 in Unarmed Combat
  5037 | D:7      | Reached XP level 10. HP: 64/98 MP: 9/9
  5238 | D:7      | Identified a scroll of acquirement
  5239 | D:7      | Acquired 1204 gold pieces
  5401 | D:1      | Bought a potion of attraction for 36 gold pieces
  5401 | D:1      | Bought a scroll of vulnerability for 48 gold pieces
  5401 | D:1      | Bought a scroll of enchant weapon for 90 gold pieces
  5401 | D:1      | Bought a potion of attraction for 36 gold pieces
  5841 | D:8      | Reached skill level 10 in Unarmed Combat
  5948 | D:8      | Reached *** piety under Wu Jian
  6009 | D:9      | Found a glowing golden altar of the Shining One.
  6011 | D:9      | Noticed an angel
  6020 | D:9      | Found a basalt altar of Yredelemnul.
  6133 | D:9      | Found an iron altar of Okawaru.
  6274 | D:9      | Reached skill level 11 in Unarmed Combat
  6365 | D:9      | Reached XP level 11. HP: 69/107 MP: 10/10
  6494 | D:9      | Reached **** piety under Wu Jian
  6522 | D:9      | Noticed a sun demon
  6567 | D:9      | Learned a level 1 spell: Apportation
  6570 | D:9      | Learned a level 2 spell: Lesser Beckoning
  6893 | D:10     | Entered Level 10 of the Dungeon
  6983 | D:10     | Reached skill level 1 in Translocations
  7069 | D:10     | Found a staircase to the Lair.
  7091 | D:10     | Reached skill level 1 in Spellcasting
  7387 | D:11     | You fall into a shaft and drop 3 floors!
  7399 | D:14     | Noticed a centaur warrior
  7407 | D:14     | Noticed a boulder beetle
  7411 | D:14     | Killed a centaur warrior
  7443 | D:14     | Killed a boulder beetle
  7444 | D:14     | Reached skill level 12 in Unarmed Combat
  7531 | D:14     | Noticed a centaur warrior
  7542 | D:14     | Killed a centaur warrior
  7605 | D:14     | Noticed a centaur warrior
  7621 | D:14     | Killed a centaur warrior
  7662 | D:13     | Noticed a two-headed ogre
  7669 | D:13     | Killed a two-headed ogre
  7697 | D:13     | Noticed a two-headed ogre
  7706 | D:13     | Killed a two-headed ogre
  7707 | D:13     | Reached XP level 12. HP: 119/119 MP: 12/14
  7847 | D:12     | Reached ***** piety under Wu Jian
  7998 | D:11     | Got the Discourse on Snowy Breccia
  8005 | D:11     | Found a staircase to the Orcish Mines.
  8005 | D:11     | Noticed a two-headed ogre
  8040 | D:11     | Killed a two-headed ogre
  8132 | D:11     | Found Visch's Magic Scroll Shop.
  8138 | D:11     | Bought a scroll of teleportation for 51 gold pieces
  8138 | D:11     | Bought a scroll of amnesia for 68 gold pieces
  8138 | D:11     | Bought a scroll of vulnerability for 68 gold pieces
  8138 | D:11     | Bought a scroll of vulnerability for 68 gold pieces
  8138 | D:11     | Bought a scroll of noise for 17 gold pieces
  8138 | D:11     | Bought a scroll of fog for 68 gold pieces
  8138 | D:11     | Bought a scroll of poison for 68 gold pieces
  8138 | D:11     | Bought a scroll of teleportation for 51 gold pieces
  8774 | Lair:1   | Entered Level 1 of the Lair of Beasts
  8930 | Lair:1   | Identified the +3 spear of a bazaar {freeze, rC+ Int+7}
  9234 | Lair:1   | Noticed a death yak
  9235 | Lair:1   | Noticed a death yak
  9237 | Lair:1   | Noticed a death yak
  9245 | Lair:1   | Killed a death yak
  9246 | Lair:1   | Reached skill level 13 in Unarmed Combat
  9249 | Lair:1   | Killed a death yak
  9250 | Lair:1   | Reached skill level 1 in Evocations
  9256 | Lair:1   | Killed a death yak
  9655 | Lair:2   | Noticed Nergalle
  9667 | Lair:2   | Killed Nergalle
  9760 | Lair:2   | Found a staircase to the Shoals.
  9782 | Lair:2   | Reached XP level 13. HP: 41/128 MP: 16/16
  9864 | Lair:2   | Found a one-way gate to the infinite horrors of the Abyss.
  9864 | Lair:2   | Noticed koorschki's ghost (journeyman DsBr)
  9886 | Lair:2   | Found a staircase to the Snake Pit.
 10042 | Lair:2   | Noticed Sonja
 10053 | Lair:2   | Killed Sonja
 10280 | Lair:2   | Found a transporter.
 10311 | Lair:2   | Found a transporter.
 10761 | Lair:3   | HP: 4/128 [death yak (21)]
 11129 | Lair:3   | Reached skill level 14 in Unarmed Combat
 11129 | Lair:3   | Reached XP level 14. HP: 140/140 MP: 17/17
 11130 | Lair:3   | Reached skill level 10 in Shields
 11130 | Lair:3   | Reached skill level 5 in Translocations
 11131 | Lair:3   | Reached XP level 15. HP: 146/146 MP: 18/18
 11339 | Lair:3   | Reached ****** piety under Wu Jian
 11573 | Lair:3   | Noticed Gastronok
 11594 | Lair:3   | Killed Gastronok
 12027 | Lair:4   | Noticed Urug
 12045 | Lair:4   | Killed Urug
 12048 | Lair:4   | Reached skill level 15 in Unarmed Combat
 12966 | Lair:5   | Entered Level 5 of the Lair of Beasts
 13537 | Lair:5   | Reached XP level 16. HP: 149/158 MP: 19/19
 13746 | Lair:5   | Found a staircase to the Slime Pits.
 13926 | Lair:5   | Reached skill level 5 in Evocations
 14039 | Lair:5   | Reached skill level 10 in Fighting
 14494 | Orc:1    | Entered Level 1 of the Orcish Mines
 14515 | Orc:1    | Found Ries's General Store.
 14525 | Orc:1    | Bought a wand of flame (10) for 91 gold pieces
 14525 | Orc:1    | Bought a scroll of teleportation for 39 gold pieces
 14525 | Orc:1    | Bought a scroll of identify for 26 gold pieces
 14525 | Orc:1    | Bought a scroll of revelation for 97 gold pieces
 14525 | Orc:1    | Bought a scroll of identify for 26 gold pieces
 14631 | Orc:2    | Entered Level 2 of the Orcish Mines
 14694 | Orc:2    | Noticed Snorg
 14704 | Orc:2    | Killed Snorg
 14912 | Orc:2    | Found a staircase to the Elven Halls.
 15047 | Orc:2    | Reached skill level 16 in Unarmed Combat
 15452 | Orc:2    | Found Cuguric's General Store.
 15452 | Orc:2    | Found Xis Zaod's Jewellery Shoppe.
 15453 | Orc:2    | Found Feibai's Armour Emporium.
 15453 | Orc:2    | Found Ricuuj's Jewellery Shop.
 15460 | Orc:2    | Bought a scroll of identify for 28 gold pieces
 15460 | Orc:2    | Bought a scroll of amnesia for 56 gold pieces
 15460 | Orc:2    | Bought a scroll of identify for 28 gold pieces
 15462 | Orc:2    | Bought a ring of resist corrosion for 280 gold pieces
 15463 | Orc:2    | Bought a ring of poison resistance for 340 gold pieces
 15710 | Orc:1    | Noticed Josephine
 15722 | Orc:1    | Killed Josephine
 16012 | Orc:1    | Found an iron altar of Okawaru.
 16450 | D:12     | Found a bloodstained altar of Trog.
 17528 | D:14     | Reached skill level 17 in Unarmed Combat
 17756 | D:14     | Acquired the ring "Osearil" {Fly rPois Str+2 Stlth+}
 18018 | D:14     | Found a gate to the Vaults.
 18278 | D:15     | Entered Level 15 of the Dungeon
 18376 | D:15     | Found a runed translucent door.
 18394 | D:15     | Found a runed translucent door.
 18722 | D:15     | Found a staircase to the Depths.
 18947 | D:15     | Found a runed translucent door.
 18958 | D:15     | Reached XP level 17. HP: 143/170 MP: 20/20
 19203 | D:15     | Found a runed translucent door.
 19706 | Snake:1  | Entered Level 1 of the Snake Pit
 19709 | Snake:1  | Found a runed translucent door.
 19739 | Snake:1  | Noticed Azrael
 19740 | Snake:1  | Noticed Frances
 19764 | Snake:1  | Killed Azrael
 19766 | Snake:1  | Killed Frances
 19769 | Snake:1  | Reached skill level 18 in Unarmed Combat
 19893 | Snake:1  | Found a flickering gateway to a bazaar.
 19902 | Bazaar   | Entered a bazaar
 19902 | Bazaar   | Found Gunuysk's Antique Armour Shop.
 19902 | Bazaar   | Found Guc Dead's Antique Weapon Shop.
 19944 | Bazaar   | Found Xuudylull's General Store.
 19952 | Bazaar   | Bought a scroll of revelation for 90 gold pieces
 19952 | Bazaar   | Bought a scroll of fog for 48 gold pieces
 20274 | Snake:1  | Noticed lessens's ghost (journeyman DsRe)
 20311 | Snake:1  | Noticed Nikola
 20324 | Snake:1  | Killed Nikola
 20497 | Snake:1  | Killed lessens's ghost
 20756 | Snake:1  | Found Powepuh's Armour Emporium.
 20798 | Snake:1  | Noticed Rupert
 20809 | Snake:1  | Killed Rupert
 20915 | Snake:1  | Found Zemos's Book Boutique.
 21030 | Snake:2  | Noticed Louise
 21180 | Snake:2  | Noticed Jorgrun
 21204 | Snake:2  | Killed Jorgrun
 21428 | Snake:2  | HP: 7/172 [salamander mystic/+0 quarterstaff (13)]
 21558 | Snake:2  | Noticed Vashnia
 21699 | Snake:2  | Killed Vashnia
 21701 | Snake:2  | Reached skill level 19 in Unarmed Combat
 21809 | Snake:2  | Found Kofoz's Magic Scroll Emporium.
 21815 | Snake:2  | Bought a scroll of revelation for 82 gold pieces
 21815 | Snake:2  | Bought a scroll of poison for 44 gold pieces
 21815 | Snake:2  | Bought a scroll of teleportation for 33 gold pieces
 21815 | Snake:2  | Bought a scroll of poison for 44 gold pieces
 21815 | Snake:2  | Bought a scroll of fear for 44 gold pieces
 21815 | Snake:2  | Bought a scroll of vulnerability for 44 gold pieces
 21911 | Snake:2  | Killed Louise
 22362 | Snake:3  | Found Cosioteuw's Jewellery Shoppe.
 22571 | Snake:3  | Identified the serpent talisman "Alebaenwe" {rC+ Will++
                  | rCorr Dex-4}
 22571 | Snake:3  | Noticed Aizul
 22584 | Snake:3  | Killed Aizul
 23204 | Snake:3  | Reached XP level 18. HP: 141/182 MP: 21/21
 23885 | Snake:3  | Identified the +1 leather armour "Hegour" {rPois rC+ SInv}
 24304 | Snake:4  | Entered Level 4 of the Snake Pit
 24862 | Snake:4  | Found Zadygug's CLEARANCE SALE!.
 24870 | Snake:4  | Bought a scroll of blinking for 37 gold pieces
 24870 | Snake:4  | Bought a scroll of noise for 5 gold pieces
 25044 | Snake:3  | Reached skill level 20 in Unarmed Combat
 25214 | Snake:4  | HP: 4/184 [salamander/+0 trident (12)]
 25215 | Snake:4  | Slain by a guardian serpent

Illustrated notes

Levels and vault maps discovered:
D:1:      dpeg_arrival_central, layout_rooms, serial_shops,
          nicolae_shop_behind_doors
D:2:      minmay_spotlight, layout_loops_ring, basic_altar, serial_shops, shop
D:3:      layout_basic
D:4:      layout_gridville, mainiacjoe_overflow_swirl, serial_rivers,
          chequers_serial_rivers_micro_a, chequers_serial_rivers_micro_d,
          chequers_serial_rivers_micro_d, chequers_serial_rivers_micro_a,
          chequers_serial_rivers_large_a
D:5:      layout_basic, serial_shops, nicolae_shop_bloodbath_and_beyond,
          serial_corexii_hall, corexii_hall_statues_i, corexii_hall_statues_s,
          chequers_hall_statues_y, corexii_hall_statues_u, st_stairs_2
D:6:      layout_basic, gammafunk_temple_overflow_forgotten, temple_statues
D:7:      layout_cave_pools, mainiacjoe_overflow_paths, nzn_random_ring
D:8:      layout_rooms
D:9:      layout_roguey, grunt_temple_overflow_holy_war, old_standard_altar,
          special_room [special_room_bee]
D:10:     layout_big_octagon, david_lair_generic
D:11:     layout_irregular_city, david_orc_2, serial_shops, shop,
          portal_ice_cave_demonic_guard
D:12:     layout_gridville, trog_ov_bears_minmay
D:13:     layout_loops_ring, serial_glass, glass_columns_c, glass_columns_a,
          minivault_14
D:14:     layout_small_grid, hellmonk_vaults_attempted_burglary
D:15:     grunt_enter_depths_snipers, layout_basic, serial_bayou_pond_d,
          minmay_statue_crystal_thing
Temple:   hellmonk_temple_forest_ring
Lair:1:   layout_regular_city, lemuel_fruit_tree
Lair:2:   layout_chaotic_city, minmay_shoals_entry_beasts,
          minmay_snake_entry_guardpost_small, gammafunk_ghost_abyssal_escape,
          beast_lair_carwin_10, uniq_nergalle, uniq_sonja
Lair:3:   layout_regular_city, serial_bayou_shore_b, uniq_gastronok
Lair:4:   layout_cellular_growth, grunt_megastairs_2, serial_bayou_shore_b,
          uniq_urug
Lair:5:   grunt_lair_end_beastmaster, layout_regular_city,
          minmay_slime_entry_oklob_open, chequers_serial_rivers_micro_d
Snake:1:  layout_concentric_octagons, hellmonk_ghost_happy_afterlife,
          serial_shops, bzr_entry_dummy, nicolae_shop_tiny_real_fake_doors,
          nicolae_shop_gibbet_a_chance, serial_bayou_shore_a, uniq_nikola,
          uniq_frances, uniq_azrael, uniq_rupert
Snake:2:  layout_rooms, serial_shops, nicolae_shop_trees,
          nicolae_snake_double_loop, uniq_louise, uniq_vashnia, uniq_jorgrun
Snake:3:  layout_layer_cave, nicolae_snake_yet_another_twisty_hallway,
          minmay_shop_enchanted_jewellery, uniq_aizul
Snake:4:  grunt_snake_rune_serpentine_throne, layout_onion, serial_shops,
          nicolae_shop_peninsula, nicolae_snake_serpentine_hallways,
          nicolae_shop_clearance
Orc:1:    layout_diamond_mine, serial_shops, shop_fountains,
          david_defended_altar_orc, uniq_josephine
Orc:2:    st_orc_ogre_mass, layout_caves, basic_altar, uniq_snorg

Skill      XL: |  1  2  3  4  5  6  7  8  9 10 11 12 13 14 15 16 17 18 |
---------------+-------------------------------------------------------+-----
Shields        | 3 4 5 6 7 8 9 10 11 13 | 13.6
Unarmed Combat | 3 4 5 6 7 9 11 12 13 14 15 17 19 20 | 20.0
Fighting       | 3 4 5 6 7 8 9 11 12 | 12.6
Dodging        | 3 4 5 6 7 8 9 |  9.9
Translocations | 2 3 4 5 |  5.5
Spellcasting   | 2 3 |  3.3
Evocations     | 1 3 4 5 |  5.5

Action                     |  1- 3 |  4- 6 |  7- 9 | 10-12 | 13-15 | 16-18 || total
---------------------------+-------+-------+-------+-------+-------+-------++-------
  Melee: Unarmed           |    78 |   107 |   307 |   706 |   492 |  1406 ||  3096
  Throw: Dart              |       |     1 |       |       |     1 |     4 ||     6
         Throwing net      |       |       |       |       |       |     1 ||     1
 Invoke: Serpent's Lash    |       |       |       |       |     4 |     2 ||     6
         Heavenly Storm    |       |       |       |       |       |     1 ||     1
Ability: Lunge             |       |       |    12 |    30 |    25 |    77 ||   144
         Whirlwind         |       |       |     5 |    29 |    10 |    56 ||   100
  Evoke: Wand              |       |       |       |       |       |     2 ||     2
    Use: Scroll            |       |     5 |     3 |    17 |     3 |    13 ||    41
         Potion            |       |       |     1 |       |     4 |     9 ||    14
   Stab: Distracted        |       |       |     1 |     1 |       |     2 ||     4
         Sleeping          |       |       |       |       |     1 |     4 ||     5
         Petrified         |       |       |       |       |       |     2 ||     2
 Armour: Robe              |    34 |    26 |    83 |    54 |       |       ||   197
         Steam dragon scal |       |       |       |   169 |   196 |   511 ||   876
         Skin              |       |       |       |       |       |    14 ||    14
  Dodge: Dodged            |    24 |    41 |   122 |   268 |   205 |   474 ||  1134
  Block: Kite shield       |    17 |    51 |   252 |   521 |   407 |   753 ||  2001
         Reflection        |       |     1 |       |    16 |     1 |   123 ||   141
         Tower shield      |       |       |       |       |       |   406 ||   406
